 Dungeon Sprint DCSS version 0.28.0-53-g5a82cb258f (webtiles) character file.

Game seed: 220356640479087499

38857 Groucho the Warrior (level 13, -6/140 HPs)
             Began as a Minotaur Fighter on July 19, 2022.
             Was the Champion of Cheibriados.
             Mangled by a seven-headed hydra (19 damage)
             ... in the Dungeon (Sprint IX: "|||||||||||||||||||||||||||||").
             The game lasted 00:12:46 (5874 turns).

Groucho the Warrior (Minotaur Fighter)              Turns: 5874, Time: 00:12:47

Health: -6/140     AC: 26    Str: 38    XL:     13   Next: 66%
Magic:  2/24       EV:  9    Int: 20    God:    Cheibriados [******]
Gold:   1919       SH: 12    Dex: 31    Spells: 12/12 levels left

rFire   . . .      SeeInvis .   u - +1 broad axe (flame)
rCold   . . .      Faith    .   c - +0 buckler
rNeg    . . .      Spirit   .   a - +0 plate armour
rPois   .          Reflect  .   (helmet restricted)
rElec   .          Harm     .   p - +0 cloak
rCorr   .          Rampage  .   (no gloves)
Will    .....      NoTele   +   x - +1 pair of boots
Stlth   ..........              (no amulet)
HPRegen 0.33/turn               b - +3 ring of dexterity
MPRegen 0.19/turn               n - +2 ring of protection

@: very slow
A: horns 2, retaliatory headbutt
a: Renounce Religion, Bend Time, Temporal Distortion, Slouch, Step From Time


You were in the Dungeon.
You worshipped Cheibriados.
Cheibriados was exalted by your worship.
You visited 1 branch You collected 1919 gold pieces.

Inventory:

Hand Weapons
 l - a +3 broad axe of freezing
 m - a +2 morningstar of protection
 u - a +1 broad axe of flaming (weapon)
 v - a +3 broad axe
Missiles
 e - 6 javelins (quivered)
Armour
 a - a +0 plate armour (worn)
 c - a +0 buckler (worn)
 p - a +0 cloak (worn)
 x - a +1 pair of boots (worn)
Jewellery
 b - a +3 ring of dexterity (left hand)
 g - a ring of see invisible
 j - a ring of protection from fire
 n - a +2 ring of protection (right hand)
 r - a ring of poison resistance
Wands
 k - a wand of iceblast (10)
 s - a wand of polymorph (6)
Scrolls
 i - 2 scrolls of amnesia
 o - 2 scrolls of fog
 q - 2 scrolls of fear
 y - 8 scrolls of enchant armour
Potions
 d - 2 potions of might
 f - 2 potions of berserk rage
 h - 3 potions of magic
 t - a potion of ambrosia {unknown}


   Skills:
 * Level 20.5 Fighting
 * Level 20.3 Axes
 * Level 20.5 Armour
 * Level 20.5 Shields
 * Level 16.4 Invocations


You had 12 spell levels left.
You didn't know any spells.
Your spell library was empty.

Dungeon Overview and Level Annotations

Branches:
Dungeon (1/1)

Altars:
Cheibriados
Dithmenos
Elyvilon
Fedhas
Gozag
Hepliaklqana
Kikubaaqudgha
Makhleb
Nemelex Xobeh
Okawaru
Qazlal
Ru
Sif Muna
Trog
Uskayaw
Vehumet
Wu Jian
Xom
Yredelemnul
Zin
The Shining One
Beogh
Jiyva
Lugonu

Shops:
D (=:(


Innate Abilities, Weirdness & Mutations

You have a pair of horns on your head.
You reflexively headbutt those who attack you in melee.


Message History

The eight-headed hydra bites you but does no damage.
The eight-headed hydra closely misses you.
The eight-headed hydra bites you but does no damage.
The eight-headed hydra barely misses you.
You block the eight-headed hydra's attack.
The eight-headed hydra bites you!
The eight-headed hydra bites you but does no damage.
The eight-headed hydra bites you!!
* * * LOW HITPOINT WARNING * * *
The eight-headed hydra bites you but does no damage.
The eight-headed hydra misses you. The eight-headed hydra bites you.
* * * LOW HITPOINT WARNING * * *
The eight-headed hydra barely misses you.
The eight-headed hydra bites you but does no damage.
The eight-headed hydra barely misses you.
There is an open door to the Swamp, spattered with blood here.
Items here: ) [ ††.
You barely miss the eight-headed hydra.
The eight-headed hydra is moderately wounded.
You block the eight-headed hydra's attack. x2
The eight-headed hydra bites you!
* * * LOW HITPOINT WARNING * * *
The eight-headed hydra bites you but does no damage.
The eight-headed hydra barely misses you. x2
The eight-headed hydra misses you. The eight-headed hydra bites you!
* * * LOW HITPOINT WARNING * * *
Unknown command.
Okay, then.
Okay, then.
Unknown command.
Unknown command.
Okay, then.
Okay, then.
You hack one of the eight-headed hydra's heads off!
The flame cauterises the wound!
You slash the seven-headed hydra! You burn the seven-headed hydra.
The seven-headed hydra is heavily wounded.
The seven-headed hydra barely misses you. x2
The seven-headed hydra bites you!!
You die...

_▓.▓.▓.▓)▓.▓[▓.▓)▓
_▓.▓.▓.▓)▓.▓[▓.▓)▓
_▓.▓.▓.▓)▓.▓[▓.▓)▓
_▓.▓.▓.▓)▓.▓[▓.▓.▓
_▓.▓÷▓.▓)▓.▓[▓)▓.▓
_▓.▓÷▓.▓)▓.▓.▓.▓)▓
_▓.▓.▓.▓)▓.▓!▓.▓.▓
_▓.▓.▓.▓)▓.▓!▓.▓.▓
_▓.▓.▓.▓)▓.▓.▓.♣@♣
_▓.▓.▓.▓.▓.▓.▓.♣D♣
_▓.▓.▓.▓.▓.▓.▓.♣.♣
_▓.▓†▓.▓.▓.▓.▓.♣.♣
_▓.▓†▓.▓.▓.▓.▓.♣.♣
_▓.▓.▓.▓'▓.▓.▓.♣)♣
'▓.▓†▓.▓[▓.▓)▓.♣†♣
.▓.▓.▓.▓)▓.▓'▓.♣.♣
.▓.▓.▓.▓)▓.▓[▓.♣


You could see a seven-headed hydra (strong).

Vanquished Creatures
  Saint Roka (D)
  A very ugly thing (D)
  2 stone giants (D)
  Nessos (D)
  Josephine (D)
  A merfolk javelineer (D)
  A boulder beetle (D)
  6 hydras (D)
  An ogre mage (D)
  An anaconda (D)
  2 two-headed ogres (D)
  An alligator snapping turtle (D)
  A deep troll earth mage (D)
  A tengu warrior (D)
  A naga sharpshooter (D)
  2 vampire magi (D)
  Urug (D)
  8 orc high priests (D)
  2 sea snakes (D)
  2 spriggan druids (D)
  A naga ritualist (D)
  A swamp dragon (D)
  An ugly thing (D)
  A cyclops (D)
  2 manticores (D)
  An orc knight (D)
  A mana viper (D)
  A wolf spider (D)
  2 orc sorcerers (D)
  2 elephants (D)
  A black mamba (D)
  2 water nymphs (D)
  Maurice (D)
  3 naga magi (D)
  An unseen horror (D)
  2 freezing wraiths (D)
  4 komodo dragons (D)
  A meliai (D)
  2 trolls (D)
  2 polar bears (D)
  A wind drake (D)
  4 blink frogs (D)
  4 tyrant leeches (D)
  A slime creature (D)
  A wyvern (D)
  A yak (D)
  3 wraiths (D)
  A vampire mosquito (D)
  2 wargs (D)
  A naga (D)
  2 water moccasins (D)
  9 orc warriors (D)
  A sky beast (D)
  A necrophage (D)
  A centaur (D)
  6 bullfrogs (D)
  A kobold brigand (D)
  2 howler monkeys (D)
  8 orc priests (D)
  An orc wizard (D)
  15 orcs (D)
  An endoplasm (D)
  A bat (D)
  2 frilled lizards (D)
  A goblin (D)
  A quokka zombie (D)
141 creatures vanquished.

Notes
Turn   | Place    | Note
-------+----------+-------------------------------------------
     0 | D        | Groucho the Minotaur Fighter began the quest for the Orb.
     0 | D        | Reached XP level 1. HP: 19/19 MP: 0/0
   129 | D        | Noticed a sky beast
   129 | D        | Noticed a necrophage
   129 | D        | Noticed a howler monkey
   135 | D        | Killed a sky beast
   136 | D        | Reached skill level 5 in Axes
   136 | D        | Reached XP level 2. HP: 31/31 MP: 1/1
   136 | D        | Reached XP level 3. HP: 38/38 MP: 2/2
   136 | D        | Reached XP level 4. HP: 45/45 MP: 3/3
   137 | D        | Killed a necrophage
   138 | D        | Reached XP level 5. HP: 52/52 MP: 4/4
   156 | D        | Found a snail-covered altar of Cheibriados.
   156 | D        | Found a shadowy altar of Dithmenos.
   156 | D        | Found a white marble altar of Elyvilon.
   156 | D        | Found a blossoming altar of Fedhas.
   156 | D        | Found an opulent altar of Gozag.
   157 | D        | Found a hazy altar of Hepliaklqana.
   158 | D        | Found a viscous altar of Jiyva.
   159 | D        | Found an ancient bone altar of Kikubaaqudgha.
   160 | D        | Became a worshipper of Cheibriados the Contemplative
   161 | D        | Found a corrupted altar of Lugonu.
   162 | D        | Found a burning altar of Makhleb.
   163 | D        | Found a sparkling altar of Nemelex Xobeh.
   164 | D        | Found an iron altar of Okawaru.
   165 | D        | Found a stormy altar of Qazlal.
   166 | D        | Found a sacrificial altar of Ru.
   167 | D        | Found a shimmering blue altar of Sif Muna.
   168 | D        | Found a bloodstained altar of Trog.
   169 | D        | Found a hide-covered altar of Uskayaw.
   170 | D        | Found a radiant altar of Vehumet.
   171 | D        | Found an ornate altar of the Wu Jian Council.
   172 | D        | Found a shimmering altar of Xom.
   173 | D        | Found a basalt altar of Yredelemnul.
   174 | D        | Found a glowing silver altar of Zin.
   175 | D        | Found a glowing golden altar of the Shining One.
   216 | D        | Noticed a wyvern
   216 | D        | Noticed a troll
   216 | D        | Noticed a two-headed ogre
   216 | D        | Noticed a centaur
   222 | D        | Killed a wyvern
   223 | D        | Reached XP level 6. HP: 43/63 MP: 4/7
   225 | D        | Killed a troll
   225 | D        | Reached * piety under Cheibriados
   226 | D        | Reached XP level 7. HP: 35/71 MP: 4/9
   238 | D        | Killed a two-headed ogre
   238 | D        | Reached ** piety under Cheibriados
   239 | D        | Reached skill level 10 in Axes
   239 | D        | Reached skill level 10 in Armour
   239 | D        | Reached skill level 10 in Shields
   239 | D        | Reached XP level 8. HP: 56/82 MP: 5/11
   514 | D        | Noticed a troll
   514 | D        | Noticed a slime creature
   514 | D        | Noticed a cyclops
   514 | D        | Noticed a two-headed ogre
   517 | D        | Killed an unseen horror
   517 | D        | Reached *** piety under Cheibriados
   520 | D        | Killed a troll
   523 | D        | Killed a slime creature
   523 | D        | Reached **** piety under Cheibriados
   524 | D        | Reached XP level 9. HP: 86/90 MP: 11/13
   527 | D        | Killed a cyclops
   535 | D        | Killed a two-headed ogre
  1246 | D        | Noticed a komodo dragon
  1246 | D        | Noticed a komodo dragon
  1251 | D        | Noticed a komodo dragon
  1256 | D        | Killed a komodo dragon
  1261 | D        | Killed a komodo dragon
  1261 | D        | Reached ***** piety under Cheibriados
  1265 | D        | Killed a komodo dragon
  1266 | D        | Reached XP level 10. HP: 72/101 MP: 14/16
  1384 | D        | Noticed a six-headed hydra
  1384 | D        | Noticed an elephant
  1384 | D        | Noticed an elephant
  1388 | D        | Noticed an eight-headed hydra
  1390 | D        | Reached ****** piety under Cheibriados
  1394 | D        | Killed an elephant
  1394 | D        | Killed an eight-headed hydra
  1395 | D        | Reached skill level 10 in Invocations
  1395 | D        | Killed an elephant
  1396 | D        | Killed an eight-headed hydra
  1776 | D        | Reached skill level 15 in Fighting
  1777 | D        | Reached skill level 15 in Armour
  1777 | D        | Reached skill level 15 in Shields
  1783 | D        | Reached XP level 11. HP: 112/112 MP: 18/18
  1794 | D        | Reached skill level 15 in Axes
  1913 | D        | Noticed Maurice
  1919 | D        | Killed Maurice
  2025 | D        | Noticed an orc knight
  2035 | D        | Killed an orc knight
  2230 | D        | Noticed an orc sorcerer
  2230 | D        | Noticed an orc sorcerer
  2232 | D        | Killed an orc sorcerer
  2239 | D        | Killed an orc sorcerer
  2364 | D        | Found Erafexzu's Antique Weapon Emporium.
  2364 | D        | Noticed an orc high priest
  2364 | D        | Noticed an orc high priest
  2364 | D        | Noticed an orc high priest
  2371 | D        | Killed an orc high priest
  2372 | D        | Found Usibiug's Jewellery Shoppe.
  2373 | D        | Killed an orc high priest
  2374 | D        | Killed an orc high priest
  2376 | D        | Noticed an orc high priest
  2376 | D        | Found Koak's Book Emporium.
  2377 | D        | Noticed an orc high priest
  2378 | D        | Found Gudd's Weapon Shoppe.
  2378 | D        | Noticed an orc high priest
  2381 | D        | Noticed an orc high priest
  2382 | D        | Killed an orc high priest
  2385 | D        | Noticed a sun demon
  2393 | D        | Killed an orc high priest
  2394 | D        | Noticed an orc high priest
  2394 | D        | HP: 5/116 [orc high priest/nerve-wracking pain (2)]
  2423 | D        | Killed an orc high priest
  2426 | D        | Killed an orc high priest
  2975 | D        | Killed an orc high priest
  2976 | D        | Reached XP level 12. HP: 125/125 MP: 20/20
  3042 | D        | Noticed Josephine
  3050 | D        | Killed Josephine
  3139 | D        | Noticed Urug
  3149 | D        | Killed Urug
  3436 | D        | Noticed a boulder beetle
  3436 | D        | Noticed a four-headed hydra
  3439 | D        | Noticed an ogre mage
  3448 | D        | Killed a boulder beetle
  3448 | D        | Noticed a stone giant
  3450 | D        | Noticed a brown very ugly thing
  3457 | D        | Killed a two-headed hydra
  3457 | D        | Noticed a deep troll earth mage
  3461 | D        | Killed a stone giant
  3461 | D        | Noticed a tengu warrior
  3464 | D        | Killed an ogre mage
  3464 | D        | Killed a deep troll earth mage
  3464 | D        | Killed a tengu warrior
  3465 | D        | Killed a brown very ugly thing
  3878 | D        | Noticed a vampire mage
  3879 | D        | Noticed a vampire mage
  3880 | D        | Noticed a stone giant
  3887 | D        | Killed a vampire mage
  3893 | D        | Killed a vampire mage
  3901 | D        | Killed a stone giant
  3994 | D        | Noticed Saint Roka
  4015 | D        | Killed Saint Roka
  4016 | D        | Reached skill level 15 in Invocations
  4016 | D        | Reached XP level 13. HP: 57/137 MP: 13/23
  4609 | D        | Noticed Nessos
  4610 | D        | Killed Nessos
  4736 | D        | Noticed a merfolk javelineer
  4747 | D        | Killed a merfolk javelineer
  5874 | D        | Mangled by a seven-headed hydra

Illustrated notes

Levels and vault maps discovered:
D:        linesprint [early_d, line_temple, items_1, d_10, items_2, lair_1,
          lair_end, items_3, orc_1, orc_end, items_4, d_15, swamp_1, shoals_1,
          snake_1, spider_1, d_20, vaults_1, items_5, swamp_end, shoals_end,
          snake_end, spider_end, vaults_end, d_27, items_6, zot_1, zot_end,
          crypt_end, forest_end, elf_end, slime_end, tomb_end, abyss_end,
          pan_hell_end]

Skill      XL: |  1  2  3  4  5  6  7  8  9 10 11 12 13 |
---------------+----------------------------------------+-----
Fighting       | 6 7 9 11 13 15 17 19 20 | 20.5
Armour         | 6 7 8 9 10 11 13 15 17 19 20 | 20.5
Shields        | 6 7 9 10 11 13 15 17 19 20 | 20.5
Axes           | 5 7 8 9 10 11 13 14 16 18 20 | 20.3
Invocations    | 3 4 6 7 9 11 13 15 16 | 16.4

Action                   |  1- 3 |  4- 6 |  7- 9 | 10-12 | 13-15 || total
-------------------------+-------+-------+-------+-------+-------++-------
Melee: War axe           |    15 |    12 |       |       |       ||    27
       Headbutt          |     1 |     3 |    13 |    47 |    13 ||    77
       Broad axe         |       |     8 |    48 |   159 |    47 ||   262
       Unarmed           |       |       |       |     1 |       ||     1
Throw: Throwing net      |       |       |       |     1 |       ||     1
Invok: Slouch            |       |       |     2 |    18 |    14 ||    34
  Use: Potion            |     2 |       |     6 |     6 |       ||    14
       Scroll            |       |       |     2 |     3 |       ||     5
 Stab: Invisible         |       |       |       |     3 |       ||     3
Armor: Scale mail        |     6 |       |       |       |       ||     6
       Plate armour      |       |    10 |    22 |    81 |    31 ||   144
Dodge: Dodged            |     6 |     5 |    11 |    34 |    22 ||    78
Block: Buckler           |     4 |     5 |    19 |    62 |    26 ||   116
